 Dungeon Crawl Stone Soup version 0.25-a0-513-ge77a69270c (webtiles) character file.

Game seed: 12839120153904742227, levelgen mode: deterministic

1146 Notrik the Chopper (level 8, 0/71 HPs)
             Began as a Hill Orc Fighter on Feb 16, 2020.
             Was a Follower of the Shining One.
             Killed from afar by Maggie (19 damage)
             ... with a bolt of fire
             ... on level 6 of the Dungeon.
             The game lasted 00:06:10 (4133 turns).

Notrik the Chopper (Hill Orc Fighter)               Turns: 4133, Time: 00:06:11

Health: 0/71       AC: 11    Str: 21    XL:     8   Next: 38%
Magic:  8/8        EV:  7    Int:  8    God:    the Shining One [*.....]
Gold:   246        SH:  9    Dex: 10    Spells: 7/7 levels left

rFire    . . .     SeeInvis +   a - +0 war axe
rCold    . . .     Gourm    .   C - +0 kite shield
rNeg     . . .     Faith    .   b - +0 scale mail
rPois    .         Spirit   .   r - +1 helmet {SInv}
rElec    .         Reflect  .   (no cloak)
rCorr    .         Harm     .   m - +1 pair of gloves
MR       .....                  (no boots)
Stlth    ..........             (no amulet)
HPRegen  0.21/turn              (no ring)
MPRegen  0.11/turn              (no ring)

@: glowing, heavily drained
A: no striking features
a: Renounce Religion


You were on level 6 of the Dungeon.
You worshipped the Shining One.
The Shining One was aware of your devotion.
You were hungry.

You visited 1 branch of the dungeon, and saw 6 of its levels.

You collected 246 gold pieces.

Inventory:

Hand Weapons
 a - a +0 war axe (weapon)
Armour
 b - a +0 scale mail (worn)
 j - a +2 hat
   (You found it on level 1 of the Dungeon)
 m - a +1 pair of gloves (worn)
   (You found it on level 1 of the Dungeon)
 r - a +1 helmet of see invisible (worn)
   (You found it on level 2 of the Dungeon)
 C - a +0 kite shield (worn)
Jewellery
 k - a cursed amulet of inaccuracy
   (You found it on level 1 of the Dungeon)
 y - an uncursed ring of flight {unknown}
   (You found it on level 3 of the Dungeon)
 D - a cursed ring of attention {unknown}
   (You found it on level 6 of the Dungeon)
Wands
 c - a wand of disintegration (12)
   (You found it on level 6 of the Dungeon)
Scrolls
 g - 3 scrolls of identify {@r1}
 h - 6 scrolls of teleportation {unknown}
 l - 3 scrolls of enchant armour
 q - a scroll of remove curse {unknown}
 t - 2 scrolls of fear {unknown}
 u - a scroll of fog {unknown}
 v - a scroll of random uselessness {unknown}
 z - 2 scrolls of enchant weapon {unknown}
 A - a scroll of blinking {unknown}
Potions
 d - 2 potions of might
 f - 2 potions of haste {unknown}
 i - a potion of heal wounds {unknown}
 n - 2 potions of resistance {unknown}
 o - a potion of mutation {unknown}
 p - a potion of magic {unknown}
 s - 2 potions of brilliance {unknown}
 w - a potion of degeneration {unknown}
 x - a potion of curing {unknown}
Comestibles
 e - 13 rations {!d}


   Skills:
 + Level 6.8(4.8) Fighting
 + Level 6.8(4.8) Axes
 + Level 6.2(4.2) Armour
 + Level 6.2(4.2) Shields


You had 7 spell levels left.
You didn't know any spells.
Your spell library contained the following spells:

 Spells                   Type           Power        Failure   Level  Hunger
 Animate Skeleton         Necr           N/A          99%         1    ##.....
 Apportation              Tloc           #.....       99%         1    ##.....
 Corona                   Hex            #......      99%         1    ##.....
 Summon Small Mammal      Summ           #...         99%         1    ##.....


Dungeon Overview and Level Annotations

Branches:
Dungeon (6/15)             Temple (0/1) D:5

Altars:
Ashenzari
Dithmenos
Fedhas
Gozag
Kikubaaqudgha
Okawaru
Ru
Uskayaw
Wu Jian
Xom
Yredelemnul
Zin
The Shining One

Annotations:
D:6 Maggie


Message History

The bolt of fire hits you!
A quokka zombie comes into view.
You slash Maggie! Maggie casts a spell at you. The bolt of fire hits you!
You slash Maggie! You block Maggie's attack.
You hit Maggie but do no damage.
Maggie hits you with a +2 scimitar of draining!
* * * LOW HITPOINT WARNING * * *
You feel drained.
* * * LOW HITPOINT WARNING * * *
You hit Maggie. You hit the quokka zombie. Maggie closely misses you.
The quokka zombie bites you but does no damage.
Maggie casts a spell.
Maggie attempts to bespell you!
You are mesmerised by Maggie!
You closely miss Maggie.
You hit the quokka zombie but do no damage.
You block the quokka zombie's attack. Maggie hits you but does no damage.
You feel drained.
You slash Maggie! You hit the quokka zombie. The quokka zombie bites you.
* * * LOW HITPOINT WARNING * * *
Maggie hits you with a +2 scimitar of draining.
* * * LOW HITPOINT WARNING * * *
You feel drained.
* * * LOW HITPOINT WARNING * * *
You block the quokka zombie's attack.
You hit Maggie but do no damage. You slash the quokka zombie!
You destroy the quokka zombie!
The Shining One accepts your kill.
Maggie hits you with a +2 scimitar of draining.
* * * LOW HITPOINT WARNING * * *
You feel drained.
* * * LOW HITPOINT WARNING * * *
You hit Maggie. Maggie barely misses you.
You slash Maggie! You block Maggie's attack.
You hit Maggie. Maggie closely misses you.
You hit Maggie but do no damage. You block Maggie's attack.
You hit Maggie.
Maggie hits you with a +2 scimitar of draining.
* * * LOW HITPOINT WARNING * * *
You feel drained.
Your shield and scale mail prevent you from hitting Maggie.
Maggie hits you but does no damage.
You feel drained. Maggie hits you but does no damage.
You feel drained.
You barely miss Maggie.
You break out of your daze.
Maggie gestures at you while chanting. The bolt of fire hits you!!
You die...

#.##.##.##..######.##
#.##.# .##..# #...
#.##.# .##..# ####
#.##.##.##.. #
#.##........ #
#.##........ #
#.##........
#.##........
#...@@......
####...?....
#........ #........
#.###.### #.# .# #.#
. #.# # #.#


You could see Maggie.

Vanquished Creatures
  Eustachio (D:6)
  An ice beast (D:5)
  An ogre (D:3)
  A centaur (D:6)
  A bullfrog (D:6)
  2 scorpions (D:5)
  A bullfrog zombie (D:5)
  A hound (D:4)
  A centaur skeleton (D:5)
  3 orc priests
  5 orc wizards
  3 worker ants
  A hound zombie (D:5)
  A howler monkey zombie (D:3)
  3 gnolls (D:4)
  5 adders
  An adder zombie (D:6)
  3 worms
  A dart slug (D:1)
  A leopard gecko (D:1)
  11 orcs
  9 giant cockroaches
  9 hobgoblins
  8 jackals
  A kobold (D:1)
  4 quokkas
  7 bats
  4 frilled lizards
  5 goblins
  A jackal skeleton (D:5)
  A quokka zombie (D:6)
  8 rats
105 creatures vanquished.

Notes
Turn   | Place    | Note
-------+----------+-------------------------------------------
     0 | D:1      | Notrik the Hill Orc Fighter began the quest for the Orb.
     0 | D:1      | Reached XP level 1. HP: 19/19 MP: 1/1
   149 | D:1      | Reached XP level 2. HP: 26/27 MP: 2/2
   736 | D:1      | Reached XP level 3. HP: 27/33 MP: 3/3
   859 | D:2      | Found a shattered altar of Ashenzari.
  1054 | D:2      | Found a sacrificial altar of Ru.
  1163 | D:2      | Found a glowing golden altar of the Shining One.
  1175 | D:2      | Became a worshipper of the Shining One
  1218 | D:2      | Reached XP level 4. HP: 20/40 MP: 4/4
  1471 | D:2      | Found a blossoming altar of Fedhas.
  1619 | D:2      | Found a hide-covered altar of Uskayaw.
  1839 | D:3      | Found an opulent altar of Gozag.
  1914 | D:3      | Reached XP level 5. HP: 20/47 MP: 5/5
  2356 | D:3      | Found a basalt altar of Yredelemnul.
  2383 | D:3      | Noticed an ogre
  2389 | D:3      | Killed an ogre
  2389 | D:3      | Reached skill level 5 in Fighting
  2389 | D:3      | Reached XP level 6. HP: 56/56 MP: 6/6
  2447 | D:3      | Found an ornate altar of the Wu Jian Council.
  2448 | D:3      | Found a shadowy altar of Dithmenos.
  2553 | D:3      | Found a glowing silver altar of Zin.
  2904 | D:4      | Reached skill level 5 in Axes
  3112 | D:4      | Reached skill level 5 in Armour
  3112 | D:4      | Reached skill level 5 in Shields
  3112 | D:4      | Reached XP level 7. HP: 56/61 MP: 7/7
  3391 | D:5      | Entered Level 5 of the Dungeon
  3391 | D:5      | Found a shimmering altar of Xom.
  3477 | D:5      | Found an iron altar of Okawaru.
  3559 | D:5      | Reached * piety under the Shining One
  3573 | D:5      | Found a staircase to the Ecumenical Temple.
  3702 | D:5      | Found an ancient bone altar of Kikubaaqudgha.
  3825 | D:5      | Reached XP level 8. HP: 71/71 MP: 8/8
  4054 | D:6      | Noticed Eustachio
  4079 | D:6      | Killed Eustachio
  4116 | D:6      | Noticed Maggie
  4133 | D:6      | Killed from afar by Maggie

Levels and vault maps discovered:
D:1:      sevenhm_arrival_forest_fort_small_6, layout_loops_corners
D:2:      layout_loops_cross, nicolae_overflow_crystal_walls,
          fedhas_altar_fruit_tree, ashenzari_altar_1, lemuel_crystal_altar,
          lemuel_coloured_pillars_altar, first_ration
D:3:      layout_rooms, grunt_gozag_statues, lemuel_round_altar, zin_statuary,
          gammafunk_temple_overflow_statue
D:4:      layout_loops_corners
D:5:      layout_rooms, okawaru_metal_pillars_1_2, kiku_gazebo_pond_becter,
          xom_teletrap_fun, minmay_temple_entry_arrows, corexii_checkpoint_a,
          wad_floor_pattern_1
D:6:      layout_loops_ring, lemuel_old_faithful, uniq_eustachio, uniq_maggie

Skill      XL: |  1  2  3  4  5  6  7  8 |
---------------+-------------------------+-----
Axes           | 3 4 5 6 |  6.8
Fighting       | 4 5 6 |  6.8
Shields        | 4 5 6 |  6.2
Armour         | 4 5 6 |  6.2

Action                   |  1- 3 |  4- 6 |  7- 9 || total
-------------------------+-------+-------+-------++-------
Melee: War axe           |   143 |   162 |   112 ||   417
  Use: Scroll            |     2 |       |       ||     2
  Eat: Chunk             |     1 |     3 |     3 ||     7
       Ration            |       |     1 |       ||     1
Armor: Scale mail        |    71 |    86 |    53 ||   210
Dodge: Dodged            |    40 |    63 |    43 ||   146
Block: Kite shield       |    67 |    78 |    54 ||   199

Table legend:
 A = Non-vault XP
 B = Vault XP
 C = Vault XP percentage of total XP
 D = Non-vault monster count
 E = Vault monster count
 F = Vault count percentage of total count
                 A         B        C        D         E       F
            +---------+---------+-------+---------+---------+-------
      Total |    1441 |     197 |  12.0 |     104 |       1 |   1.0
            +---------+---------+-------+---------+---------+-------
        D:1 |      35 |       0 |   0.0 |      20 |       0 |   0.0
        D:2 |      87 |       0 |   0.0 |      21 |       0 |   0.0
        D:3 |     245 |       0 |   0.0 |      19 |       0 |   0.0
        D:4 |     320 |       0 |   0.0 |      24 |       0 |   0.0
        D:5 |     545 |       0 |   0.0 |      15 |       0 |   0.0
        D:6 |     209 |     197 |  48.5 |       5 |       1 |  16.7
            +---------+---------+-------+---------+---------+-------
